 Seeded DCSS version 0.30.0-18-gc0e69614cb (webtiles) character file.

Game seed: 6351066067085065685 (custom seed)

9 Esekla the Sneak (level 2, 0/21 HPs)
             Began as an Octopode Delver on May 24, 2023.
             Constricted to death by Pikel (9 damage)
             ... on level 6 of the Dungeon.
             The game lasted 00:01:40 (207 turns).

Esekla the Sneak (Octopode Delver)                   Turns: 207, Time: 00:01:40

Health: 0/21       AC:  1    Str: 11    XL:     2   Next: 16%
Magic:  2/2        EV: 10    Int: 12    God:
Gold:   19         SH:  0    Dex: 13    Spells: 1/1 levels left

rFire   . . .        a - +0 falchion
rCold   . . .        (no shield)
rNeg    . . .        (helmet restricted)
rPois   .            (no amulet)
rElec   .            (no ring)
rCorr   .            (no ring)
SInv    .            (no ring)
Will    .....        (no ring)
Stlth   ++++         (no ring)
HPRegen 0.23/turn    (no ring)
MPRegen 0.08/turn    (no ring)
                     (no ring)

%: no passive effects
@: grasped by roots, constricted
A: almost no armour, amphibious, 8 rings, camouflage 1, gelatinous body 1,
(nimble swimmer 1), tentacles
a: no special abilities


You were on level 6 of the Dungeon.
You visited 1 branch of the dungeon, and saw 2 of its levels.

You collected 19 gold pieces.

Inventory:

Hand Weapons
 a - a +0 falchion (weapon)
Wands
 f - a wand of digging (3)
 g - a wand of flame (15)
Scrolls
 b - a scroll of fog
 c - a scroll of magic mapping
 d - 2 scrolls of fear
 h - a scroll of blinking {unknown}
Potions
 e - a potion of haste
 i - a potion of heal wounds {unknown}
 j - a potion of attraction {unknown}


   Skills:
 * Level 3.1 Fighting
 * Level 2.1 Long Blades
 * Level 2.1 Dodging
 + Level 6.9 Stealth
 * Level 0.2 Spellcasting


You had one spell level left.
You didn't know any spells.
Your spell library was empty.

Dungeon Overview and Level Annotations

Branches:
Dungeon (6/15)             Temple (0/1) D:6

Altars:

Annotations:
D:6 Pikel


Innate Abilities, Weirdness & Mutations

You cannot wear most types of armour.
You are amphibious.
You can wear up to eight rings at the same time.
Your skin changes colour to match your surroundings (Stealth+).
Your rubbery body absorbs attacks. (AC +1, EV +1)
((You are camouflaged when in or above water. (Stealth+)))
You have tentacles for arms and can constrict up to eight enemies at once.


Message History

You hit the adder. Your grab misses the adder.
The adder is moderately wounded.
The adder barely misses you. The adder bites you.
You slash the adder!
You kill the adder!
You have reached level 2!
You start resting.
HP restored.
You see here an adder corpse.
An ice beast comes into view.
The ice beast moves out of view.
i - a puce potion An orc comes into view.
It is wielding a +0 dagger.
There is a stone staircase leading up here.
You climb upwards.
There is a stone staircase leading down here.
There is an escape hatch in the floor here.
You slide downwards.
The hatch slams shut behind you.
Found 19 gold pieces.
Found a staircase to the Ecumenical Temple.
Found a bubbling green potion.
The lemure shouts!
You hear a shout!
Pikel, Merchant of Souls comes into view.
He is wielding a +1 whip of flaming and carrying a wand of roots (7).
Found a robe and a scale mail.
Found 6 stones.
You see here 19 gold pieces.
You now have 19 gold pieces.
A lemure comes into view.
A white imp comes into view.
The white imp shouts, "Scamper hence, thou dankish nose-picking swadder!"
Pikel zaps a wand.
The roots erupt in riotous growth!
The grasping roots grab you! The grasping roots constrict you!
Ouch! That really hurt!
The white imp moves out of view.
You hear a shout!
You see here a bubbling green potion.
j - a bubbling green potion The grasping roots constrict you!
You die...

..........#.#
#.#.#.#.#.#...#
#(..........#
#.#[....K.#.#
###........5..#
....#...>...#.#
.....[...5....# .
....#.......#......
.......@......##...
....#.#.#.#.#.# ##
# ...........#
####.###....# #.
..### .. .... #..
.... #.. .#..#


You could see Pikel and 2 lemures.

Vanquished Creatures
  An adder (D:6)
1 creature vanquished.

Notes
Turn   | Place    | Note
-------+----------+-------------------------------------------
     0 | D:5      | Esekla the Octopode Delver began the quest for the Orb.
     0 | D:5      | Reached XP level 1. HP: 16/16 MP: 1/1
    69 | D:5      | Noticed a sleepcap
    80 | D:5      | Noticed an iguana
   133 | D:6      | Reached XP level 2. HP: 17/21 MP: 2/2
   152 | D:6      | Noticed an ice beast
   197 | D:6      | Noticed a lemure
   197 | D:6      | Noticed a lemure
   197 | D:6      | Found a staircase to the Ecumenical Temple.
   198 | D:6      | Noticed Pikel
   205 | D:6      | Noticed a lemure
   207 | D:6      | Constricted to death by Pikel

Illustrated notes

Levels and vault maps discovered:
D:5:      layout_loops_ring, lemuel_doored_altar, minmay_misc_feat_rows,
          dreamdust_wishing_well
D:6:      layout_loops_cross, fedhas_altar_fruit_tree,
          minmay_temple_entry_glass, uniq_pikel, uniq_blork_the_orc

Action                     || total
---------------------------++-------
  Melee: Falchion          ||     2
   Stab: Sleeping          ||     1
  Dodge: Dodged            ||     1
